 Dungeon Crawl Stone Soup version 0.26.0-10-g1f06aea511 (webtiles) character file.

Game seed: 845957383296246233

173 Borgoz the Slasher (level 5, -10/45 HPs)
             Began as a Ghoul Gladiator on Jan 18, 2021.
             Killed from afar by Ijyb (15 damage)
             ... with a bolt of acid
             ... while paralysed
             ... on level 3 of the Dungeon.
             The game lasted 00:01:32 (2663 turns).

Borgoz the Slasher (Ghoul Gladiator)                Turns: 2663, Time: 00:01:32

Health: -10/45     AC:  0    Str: 15 (18) XL:     5   Next: 53%
Magic:  4/4        EV:  2    Int:  0 (3)  God:
Gold:   184        SH:  0    Dex:  9 (11) Spells: 4/4 levels left

rFire    . . .     SeeInvis .   a - +0 long sword
rCold    + . .     Faith    .   (no shield)
rNeg     + + +     Spirit   .   b - +0 leather armour
rPois    ∞         Reflect  .   c - +0 helmet
rElec    .         Harm     .   (no cloak)
rCorr    .         Rampage  .   (no gloves)
Will     .....                  (no boots)
Stlth    +.........             (no amulet)
HPRegen  0.00/turn              (no ring)
MPRegen  0.09/turn              (no ring)

@: paralysed, corroded, slowed, lost intelligence
A: claws 1, cold resistance 1, negative energy resistance 3, inhibited
regeneration, torment resistance, unbreathing
a: no special abilities


You were on level 3 of the Dungeon.
You visited 1 branch of the dungeon, and saw 3 of its levels.

You collected 184 gold pieces.

Inventory:

Hand Weapons
 a - a +0 long sword (weapon)
Missiles
 d - 3 throwing nets (quivered)
Armour
 b - a +0 leather armour (worn)
 c - a +0 helmet (worn)
Scrolls
 f - 4 scrolls of magic mapping {unknown}
 g - a scroll of immolation {unknown}
 i - 2 scrolls of identify {unknown}
 j - a scroll of enchant weapon {unknown}
 k - 3 scrolls of fog {unknown}
 l - a scroll of teleportation {unknown}
 n - 3 scrolls of noise {unknown}
 o - a scroll of remove curse {unknown}
Potions
 e - 2 potions of might {unknown}
 h - a potion of ambrosia {unknown}
 m - a potion of brilliance {unknown}
 p - a potion of mutation {unknown}
 q - a potion of degeneration
 r - 2 potions of curing {unknown}
 s - a potion of heal wounds {unknown}


   Skills:
 + Level 3.2 Fighting
 * Level 3.8 Long Blades
 - Level 1.7 Throwing
 * Level 2.3 Armour
 + Level 3.3 Dodging


You had 4 spell levels left.
You didn't know any spells.
Your spell library was empty.

Dungeon Overview and Level Annotations

Branches:
Dungeon (3/15)

Altars:

Annotations:
D:3 Ijyb


Innate Abilities, Weirdness & Mutations

You thrive by killing the living.
You are immune to poison.
You have sharp fingernails.
Your flesh is cold resistant. (rC+)
You are immune to negative energy. (rN+++)
You do not regenerate when monsters are visible.
You are immune to unholy pain and torment.
You can survive without breathing.


Message History

Ijyb zaps a wand.
The bolt of acid hits you!! The acid corrodes you!
You are splashed with acid!!
* * * LOW HITPOINT WARNING * * *
Ijyb hits you with a +0 dagger.
* * * LOW HITPOINT WARNING * * *
You are too injured to fight recklessly!
You are too injured to fight recklessly!
You are too injured to fight recklessly!
You are too injured to fight recklessly!
You are too injured to fight recklessly!
You are too injured to fight recklessly!
You are too injured to fight recklessly!
You are too injured to fight recklessly!
You are too injured to fight recklessly!
It was a potion of degeneration.
There was something very wrong with that liquid.
You feel weakened.
You feel dopey.
You have lost your intelligence.
You feel clumsy.
Ijyb zaps a wand.
The bolt of acid hits you!
You die...

######### #### #####
#..@g...# ...# #...#
#.#####.# ...# #...#
#.# ...### #...# #.#
.†.'.###...# #.#
.†.#..##...###.######
.......'...'..........
#####.##...###........
#..##### #..######


You could see Ijyb.

Vanquished Creatures
  Natasha (thrice) (D:2)
  3 adders (D:2)
  2 oozes
  A worm (D:3)
  3 dart slugs
  2 leopard geckos (D:1)
  4 giant cockroaches
  4 goblins
  2 hobgoblins (D:2)
  5 jackals (D:2)
  6 kobolds
  A quokka (D:2)
  A ball python (D:1)
  9 bats
  4 frilled lizards (D:2)
  6 rats
56 creatures vanquished.

Notes
Turn   | Place    | Note
-------+----------+-------------------------------------------
     0 | D:1      | Borgoz the Ghoul Gladiator began the quest for the Orb.
     0 | D:1      | Reached XP level 1. HP: 17/17 MP: 0/0
   111 | D:1      | Reached XP level 2. HP: 24/25 MP: 1/1
   646 | D:1      | Reached skill level 1 in Armour
   646 | D:1      | Reached XP level 3. HP: 30/30 MP: 2/2
   997 | D:2      | Noticed Natasha
   999 | D:2      | Killed Natasha
  1001 | D:2      | Noticed Natasha
  1012 | D:2      | Killed Natasha
  1013 | D:2      | Reached XP level 4. HP: 11/37 MP: 3/3
  1479 | D:2      | Reached XP level 5. HP: 31/45 MP: 4/4
  2261 | D:2      | Noticed Natasha
  2273 | D:2      | Killed Natasha
  2658 | D:3      | Noticed Ijyb
  2663 | D:3      | Lost intelligence.
  2663 | D:3      | Killed from afar by Ijyb

Illustrated notes

Levels and vault maps discovered:
D:1:      wander_arrival_desolate, layout_basic
D:2:      layout_basic, uniq_natasha
D:3:      layout_basic, overflow_temple_1_default, uniq_ijyb

Skill      XL: |  1  2  3  4 |
---------------+-------------+-----
Long Blades    | 3 |  3.8
Armour         | 1 2 |  2.3
Dodging        | 3 |  3.3
Fighting       | 3 |  3.2
Throwing       | |  1.7

Action                   |  1- 3 |  4- 6 || total
-------------------------+-------+-------++-------
Melee: Long sword        |    69 |    99 ||   168
  Use: Potion            |       |     1 ||     1
 Stab: Sleeping          |       |     1 ||     1
Armor: Leather armour    |    32 |    44 ||    76
Dodge: Dodged            |    59 |    76 ||   135
       Rpst.: Long sword |    18 |    25 ||    43
